 Dungeon Crawl Stone Soup version 0.28.0-43-g3370ac3207 (webtiles) character file.

Game seed: 12140214529720616881

39 tizbic2 the Charlatan (level 3, -1/29 HPs)
             Began as a Draconian Artificer on Mar 27, 2022.
             Was a Follower of Uskayaw.
             Slain by Terence
             ... wielding a +0 mace
              (5 damage)
             ... on level 2 of the Dungeon.
             The game lasted 00:05:28 (1563 turns).

tizbic2 the Charlatan (Draconian Artificer)         Turns: 1563, Time: 00:05:28

Health: -1/29      AC:  5    Str: 14    XL:     3   Next: 28%
Magic:  1/3        EV: 12    Int: 11    God:    Uskayaw [*.....]
Gold:   65         SH:  0    Dex: 13    Spells: 2/2 levels left

rFire   . . .      SeeInvis .   f - +0 dagger
rCold   . . .      Faith    .   (no shield)
rNeg    . . .      Spirit   .   (armour unavailable)
rPois   .          Reflect  .   (helmet restricted)
rElec   .          Harm     .   (no cloak)
rCorr   .          Rampage  .   (no gloves)
Will    .....                   (no boots)
Stlth   ++........              (no amulet)
HPRegen 0.09/turn               (no ring)
MPRegen 0.08/turn               (no ring)

@: attractive, flying
A: AC +5, unfitting armour, cold-blooded
a: Renounce Religion, Stomp


You were on level 2 of the Dungeon.
You worshipped Uskayaw.
Uskayaw was noncommittal.
You visited 1 branch of the dungeon, and saw 2 of its levels.

You collected 65 gold pieces.

Inventory:

Hand Weapons
 a - a +0 club
 f - a +0 dagger (weapon)
Missiles
 g - 60 stones
 l - 3 poisoned darts
Wands
 b - a wand of flame (15) (quivered)
 c - a wand of charming (15)
Scrolls
 e - a scroll of torment
 h - 4 scrolls of identify
 j - 4 scrolls of fear
 k - a scroll of teleportation
Potions
 m - a potion of flight
Miscellaneous
 d - a piece from Xom's chessboard (15/15)


   Skills:
 + Level 1.9 Fighting
 * Level 0.8 Short Blades
 - Level 1.3 Staves
 - Level 2.1 Dodging
 * Level 1.4 Stealth
 + Level 0.5 Invocations
 - Level 3.1 Evocations


You had 2 spell levels left.
You didn't know any spells.
Your spell library was empty.

Dungeon Overview and Level Annotations

Branches:
Dungeon (2/15)

Altars:
Uskayaw

Annotations:
D:2 Robin, Terence


Innate Abilities, Weirdness & Mutations

Your plain brown scales are hard. (AC +5)
You cannot fit into any form of body armour.
You are cold-blooded and may be slowed by cold attacks.


Message History

You hit Terence. You tail-slap Terence.
Terence is moderately wounded.
You feel better. Terence misses you.
You hit Terence but do no damage.
You tail-slap Terence, but do no damage.
Terence is moderately wounded.
Terence completely misses you.
You hit Terence but do no damage.
Terence is moderately wounded.
Terence hits you with a +0 mace.
You hit Terence.
You tail-slap Terence, but do no damage.
Terence is moderately wounded.
Terence hits you with a +0 mace!
You hit Terence.
Terence is moderately wounded.
Terence hits you with a +0 mace.
* * * LOW HITPOINT WARNING * * *
You feel better. Terence hits you with a +0 mace!
You barely miss Terence.
Terence is moderately wounded.
Terence closely misses you.
You hit Terence.
Terence is moderately wounded.
Terence closely misses you.
You barely miss Terence.
Terence is moderately wounded.
Terence hits you with a +0 mace.
* * * LOW HITPOINT WARNING * * *
It was a potion of flight.
You feel very buoyant.
You fly up into the air.
Terence closely misses you.
It was a potion of attraction.
You feel attractive to monsters. Terence hits you with a +0 mace.
* * * LOW HITPOINT WARNING * * *
You barely miss Terence.
Terence is moderately wounded.
Terence hits you with a +0 mace.
You die...

..........########.##
.......##.........<.####
####.#.# ######.......#
#†#.# #.......#... #.# .
#.......# # #.# #
#.......## #..
#......... ##.
#........# . #<@@.....#
.. #...........
##........#. ##.........
# #.......## .#
###.###.# #.### #.. ..#
..... #..##g## #+###
#.....


You could see Terence.

Vanquished Creatures
  2 ball pythons
  2 endoplasms
  2 giant cockroaches
  9 goblins
  4 hobgoblins
  2 quokkas
  3 bats
  A frilled lizard (D:2)
  5 kobolds
  4 rats
34 creatures vanquished.

Notes
Turn   | Place    | Note
-------+----------+-------------------------------------------
     0 | D:1      | tizbic2 the Draconian Artificer began the quest for the
                  | Orb.
     0 | D:1      | Reached XP level 1. HP: 16/16 MP: 1/1
   329 | D:1      | Reached skill level 1 in Staves
   498 | D:1      | Reached XP level 2. HP: 23/23 MP: 2/2
   602 | D:1      | Found a faded altar of an unknown god.
   611 | D:1      | Prayed at the altar of an unknown god.
   611 | D:1      | Became a worshipper of Uskayaw the Reveller
   611 | D:1      | Reached * piety under Uskayaw
   822 | D:1      | Reached skill level 1 in Stealth
  1214 | D:2      | Reached ** piety under Uskayaw
  1327 | D:2      | Reached XP level 3. HP: 29/29 MP: 3/3
  1390 | D:2      | Noticed Robin
  1536 | D:2      | Noticed Terence
  1563 | D:2      | Slain by Terence

Illustrated notes

Levels and vault maps discovered:
D:1:      zelgadis_glass_arrival_small, layout_loops_ring,
          chequers_ecumenical_altar_simple_redux, minmay_statues_item
D:2:      layout_rooms, minmay_quadrilaterals, uniq_robin, uniq_terence

Skill      XL: |  1  2 |
---------------+-------+-----
Staves         | 1 |  1.3
Stealth        | 1 |  1.4
Fighting       | |  1.9
Short Blades   | |  0.8
Dodging        | |  2.1
Invocations    | |  0.5
Evocations     | |  3.1

Action                   || total
-------------------------++-------
Melee: Dagger            ||   146
       Club              ||     9
       Tailslap          ||    20
       Punch             ||     2
Invok: Stomp             ||     2
  Use: Scroll            ||     5
       Potion            ||     4
 Stab: Sleeping          ||     4
Armor: Skin              ||    35
Dodge: Dodged            ||   105
